Map: Кислотный завод РВ

Players

TheDounat

  • Race: Protoss Protoss
  • League: Master
  • Spawn Location: 5:00

DrunkenSCV - Winner!

  • Race: Terran Terran
  • League: Master
  • Spawn Location: 11:00

VOD

Have the link to the VOD?

Description

Time

  • Played on: April 19, 2018, 9:57 a.m.
  • Length: 13:27
Show
View Real Time Build Order
Export as new Build Order

TheDounat Protoss 

Build Orders: 1 Gate Expand, Double Forge, Blink Stalkers 

Get SALT Encoding   

  12  0:01  Probe  
  13  0:13  Probe  
  14  0:19  Pylon  
  14  0:25  Probe  
  15  0:33  Probe  
  15  0:39  Gateway  
  15  0:41  Probe  
  16  0:46  Assimilator  
  17  0:52  Probe  
  18  1:04  Probe  
  19  1:16  Probe  
  20  1:25  Cybernetics Core  
  20  1:31  Nexus  
  20  1:35  Probe  
  21  1:42  Assimilator  
  21  1:47  Probe  
  21  1:50  Pylon  
  22  1:58  Stalker  
  22  2:00  Probe  
  23  2:04  Warp Gate  
  25  2:12  Probe  
  26  2:24  Probe  
  26  2:26  Twilight Council  
  27  2:32  Stalker  
  27  2:36  Probe  
  30  2:43  Probe  
  31  2:48  Pylon, Probe  
  32  2:51  Probe  
  32  2:58  Shield Battery  
  33  3:00  Probe  
  33  3:02  Probe  
  34  3:16  Probe  
  34  3:17  Stalker  
  34  3:19  Blink  
  37  3:20  Probe  
  37  3:24  Probe  
  38  3:28  Probe  
  38  3:32  Probe  
  38  3:33  Shield Battery  
  40  3:39  Probe  
  42  3:47  Gateway  
  42  3:48  Probe x2, Gateway  
  44  4:00  Probe  
  44  4:02  Probe  
  45  4:05  Robotics Facility  
  46  4:15  Probe  
  47  4:18  Nexus, Probe  
  47  4:21  Assimilator  
  48  4:25  Assimilator  
  48  4:29  Probe  
  49  4:35  Probe  
  50  4:41  Probe  
  50  4:43  Forge x2  
  51  4:47  Sentry  
  51  4:51  Pylon  
  54  4:53  Observer, Pylon  
  54  5:03  Protoss Ground Armor Level 1  
  54  5:06  Protoss Ground Weapons Level 1  
  54  5:09  Probe x2, Gateway  
  54  5:11  Gateway  
  54  5:12  Stalker, Gateway  
  58  5:14  Stalker  
  58  5:18  Stalker  
  62  5:21  Probe  
  63  5:30  Probe  
  63  5:32  Probe  
  63  5:33  Probe  
  66  5:39  Pylon  
  66  5:40  Charge  
  66  5:42  Probe  
  67  5:44  Probe  
  67  5:46  Probe  
  64  5:57  Stalker x3  
  69  6:09  Probe x2  
  69  6:11  Photon Cannon  
  71  6:18  Zealot  
  73  6:25  Templar Archives, Nexus, Zealot  
  75  6:26  Probe x2  
  75  6:27  Probe  
  78  6:46  Stalker x3  
  78  6:47  Stalker  
  86  6:53  Stalker  
  86  6:54  Stalker  
  72  7:12  Zealot x4  
  72  7:15  Zealot x2  
  70  7:17  Zealot x4  
  56  7:38  Zealot x6  
  56  7:39  Probe x3  
  66  7:51  Probe  
  66  7:53  Protoss Ground Armor Level 2  
  66  7:54  Protoss Ground Weapons Level 2  
  66  7:59  Probe x3  
  66  8:03  High Templar x2, Probe  
  66  8:04  High Templar x3, Gateway x2  
  66  8:05  High Templar, Gateway  
  82  8:08  Pylon  
  82  8:11  Probe, Gateway  
  83  8:15  Probe  
  83  8:16  Probe x2  
  86  8:22  Archon x3  
  86  8:33  Stalker x4, Photon Cannon  
  94  8:39  Zealot x2  
  90  8:54  Pylon  
  90  8:55  Stalker  
  90  8:56  Stalker x3  
  90  9:00  Pylon  
  98  9:02  Photon Cannon  
  98  9:10  Stalker  
  98  9:13  Pylon  
  100  9:19  Observer  
  100  9:21  Zealot  
  100  9:22  Zealot x2  
  106  9:24  Stalker  
  106  9:35  Stalker x2  
  106  9:38  Zealot  
  105  9:45  Zealot  
  105  9:46  Zealot x2  
  70  10:00  Stalker x3  
  70  10:03  Zealot  
  72  10:11  Zealot x2  
  72  10:12  Protoss Ground Armor Level 3  
  70  10:23  Probe x4  
  70  10:27  Pylon  
  74  10:36  Zealot x3  
  80  10:47  Probe x2, Assimilator  
  80  10:48  Probe x2  
  80  10:49  Assimilator  
  84  10:51  High Templar  
  84  10:52  Zealot  
  88  10:59  Zealot x3  
  94  11:08  Probe  
  94  11:09  Probe x3  
  98  11:15  Psionic Storm  
  96  11:23  Zealot  
  96  11:24  Zealot x3  
  102  11:26  Probe  
  102  11:27  Probe  
  104  11:34  Probe  
  105  11:48  Assimilator  
  105  11:49  Assimilator  
  105  11:52  Pylon  
  105  11:57  Stalker x4  
  113  12:04  Probe  
  113  12:05  Probe  
  113  12:06  Probe x2  
  117  12:10  Assimilator  
  117  12:11  High Templar  
  119  12:15  Zealot x2  
  119  12:16  Zealot  
  119  12:17  Observer  
  126  12:25  Zealot x4  
  122  12:42  Zealot x4  
  104  12:47  Pylon  
  94  13:01  Zealot x3  
  94  13:02  Zealot x4  
Show
View Real Time Build Order
Export as new Build Order

DrunkenSCV Terran - Winner!

Build Orders: Reaper Expand, MMM Bio 

Get SALT Encoding   

  12  0:00  SCV  
  13  0:13  SCV  
  14  0:17  Supply Depot  
  14  0:25  SCV  
  15  0:39  SCV  
  15  0:41  Barracks  
  16  0:44  Refinery  
  16  0:51  SCV  
  17  1:03  SCV  
  18  1:15  SCV  
  19  1:27  Orbital Command  
  19  1:28  Reaper  
  20  1:41  Command Center  
  20  1:49  Supply Depot  
  20  1:53  SCV  
  21  2:00  Marine  
  22  2:06  SCV  
  23  2:13  Refinery  
  23  2:14  Factory  
  23  2:18  SCV  
  23  2:22  Barracks Reactor  
  24  2:30  SCV  
  25  2:43  SCV  
  26  2:53  Orbital Command  
  26  2:55  SCV  
  27  3:00  Marine x2  
  27  3:01  Widow Mine, Starport  
  31  3:07  SCV  
  32  3:17  Marine  
  32  3:18  Marine  
  32  3:19  SCV  
  36  3:20  SCV  
  36  3:24  Widow Mine  
  37  3:31  SCV  
  37  3:33  SCV, Supply Depot  
  39  3:35  Marine x2  
  39  3:38  Starport Tech Lab, Barracks  
  41  3:43  SCV  
  41  3:45  SCV  
  43  3:52  Factory Tech Lab  
  43  3:53  Marine x2  
  43  3:55  SCV  
  46  3:57  Barracks  
  46  3:58  Raven  
  46  4:01  SCV  
  49  4:04  Supply Depot  
  49  4:06  Supply Depot  
  49  4:07  SCV  
  50  4:13  Siege Tank  
  50  4:14  Marine  
  54  4:23  Engineering Bay  
  54  4:25  Marine, SCV x2  
  54  4:29  Refinery  
  57  4:38  SCV x2  
  59  4:42  Marine  
  59  4:43  Marine  
  61  4:50  SCV, Starport Reactor  
  61  4:51  Marauder  
  61  4:52  SCV, Stimpack  
  65  4:58  Refinery, Supply Depot  
  65  4:59  Factory Reactor  
  65  5:02  SCV  
  65  5:04  SCV  
  67  5:11  Marine, Marauder  
  67  5:13  Combat Shields  
  70  5:16  Supply Depot  
  70  5:19  Marine  
  70  5:20  SCV x2, Marauder  
  70  5:21  Terran Infantry Weapons Level 1, Supply Depot  
  75  5:32  SCV  
  75  5:33  SCV  
  77  5:37  Supply Depot  
  77  5:38  Marine x2, Marauder  
  77  5:41  Marauder  
  83  5:44  Medivac, SCV  
  83  5:45  Medivac, SCV  
  83  5:47  Widow Mine  
  93  5:50  Widow Mine  
  93  5:56  SCV  
  90  6:04  Marine, Marauder  
  90  6:06  Marine  
  90  6:07  Marauder  
  90  6:09  Supply Depot  
  90  6:10  Supply Depot  
  100  6:11  Widow Mine x2  
  100  6:22  Marine  
  100  6:24  Marine  
  102  6:30  Medivac x2  
  102  6:31  Marauder  
  106  6:32  Command Center  
  104  6:41  Marine  
  104  6:42  Marine, Marauder  
  104  6:46  Widow Mine x2  
  112  6:49  Supply Depot  
  112  6:51  Marine  
  112  6:53  Supply Depot  
  113  6:59  Marine  
  110  7:05  Marine  
  110  7:06  Marauder  
  113  7:13  Marauder  
  113  7:14  Widow Mine x2, Medivac x2  
  122  7:17  Marine  
  122  7:21  Concussive Shells  
  122  7:23  Marine  
  122  7:26  Barracks  
  122  7:27  Marine, Barracks  
  106  7:46  Marine, Orbital Command, Marauder  
  106  7:49  SCV x2  
  106  7:51  Terran Infantry Armor Level 1  
  109  7:53  Marine, Marauder  
  104  8:01  SCV  
  104  8:03  SCV  
  104  8:04  Marine  
  107  8:05  Supply Depot x2  
  107  8:08  Marauder  
  107  8:09  Medivac x2  
  107  8:10  Marine  
  107  8:11  Starport, Fusion Core  
  114  8:13  SCV x2  
  114  8:14  Marine  
  114  8:15  SCV  
  114  8:19  Widow Mine  
  120  8:22  Marine  
  120  8:25  SCV x2  
  123  8:27  SCV  
  123  8:28  Marine  
  123  8:29  Marauder  
  127  8:41  Liberator x2  
  127  8:44  Marine, Marauder  
  129  8:49  Marine  
  129  8:50  Marauder  
  129  8:52  SCV x2  
  129  8:54  Command Center  
  129  8:55  Barracks Tech Lab x2  
  134  8:56  Barracks Reactor  
  134  8:57  Starport Tech Lab  
  134  9:02  Marine  
  141  9:06  Marauder  
  141  9:07  Marine  
  144  9:10  Armory, SCV x2  
  144  9:11  Engineering Bay  
  144  9:12  Refinery, Marauder  
  144  9:13  Refinery, Supply Depot  
  148  9:19  Marine  
  149  9:25  Marine, SCV  
  149  9:29  Marine  
  152  9:46  Marine, Marauder  
  152  9:50  Liberator x3  
  152  9:52  Marine  
  145  9:53  Marauder  
  125  10:04  Marine  
  121  10:07  Widow Mine x2  
  121  10:08  Marauder  
  121  10:10  Marine  
  136  10:14  Marauder  
  117  10:22  Marine  
  117  10:25  Terran Infantry Weapons Level 2  
  117  10:28  Marine  
  119  10:29  Marauder  
  119  10:33  Liberator, Barracks  
  119  10:34  Barracks, Supply Depot  
  119  10:35  Marine  
  122  10:36  Barracks  
  122  10:38  Terran Infantry Armor Level 2  
  122  10:39  Marine  
  123  10:45  Marine  
  123  10:47  Marine x3  
  123  10:48  Liberator, Advanced Ballistics  
  127  10:50  Liberator  
  127  10:51  Marauder  
  127  10:53  Marauder  
  127  10:56  SCV x2  
  136  10:57  Marine  
  136  10:59  SCV  
  136  11:03  Marine  
  139  11:04  Marine  
  139  11:05  Marine, Marauder  
  139  11:08  SCV  
  150  11:12  Marauder  
  150  11:13  SCV  
  150  11:14  SCV, Marauder  
  150  11:15  Marine  
  150  11:16  Liberator  
  155  11:21  Marine  
  155  11:22  Marine  
  155  11:23  Barracks Tech Lab  
  157  11:27  Marauder  
  157  11:28  Marine  
  160  11:33  Marine, Marauder  
  160  11:35  Marine, Liberator x2  
  160  11:39  Marine  
  168  11:40  Marine  
  168  11:41  Marine  
  168  11:42  Marauder  
  168  11:46  Marine  
  173  11:48  Marauder  
  173  11:51  Marine  
  173  11:54  Marauder  
  185  11:55  Marine  
  185  12:00  Barracks Tech Lab  
  185  12:01  Barracks Tech Lab  
  185  12:02  Supply Depot  
  185  12:11  Marine, Marauder  
  186  12:29  Marine x5, Marauder  
  194  12:30  Marine, Marauder  
  191  12:46  Marine  
  191  12:47  Marauder  
  194  12:53  Marine x2  
  194  12:54  Marine  
Tags
 
Add a new tag
Caveats
  • Supply blocks, unpowered buildings, or Contaminate may cause inaccurate times.
  • Supply counts are checked every 10 seconds.